 Dungeon Crawl Stone Soup version 0.30.0-30-g96aa6591b8 (webtiles) character file.

Game seed: 13117387016354151529

70 leafyfresh the Covert (level 4, -2/41 HPs)
             Began as a Gnoll Delver on June 29, 2023.
             Slain by a lemure (6 damage)
             ... led by Pikel
             ... on level 5 of the Dungeon.
             The game lasted 00:02:17 (384 turns).

leafyfresh the Covert (Gnoll Delver)                 Turns: 384, Time: 00:02:18

Health: -2/41      AC:  3    Str: 11    XL:     4   Next: 21%
Magic:  5/5        EV: 13    Int:  9    God:
Gold:   0          SH:  0    Dex: 16    Spells: 5/5 levels left

rFire   . . .        a - +0 short sword
rCold   . . .        (no shield)
rNeg    . . .        b - +0 leather armour
rPois   .            (no helmet)
rElec   .            (no cloak)
rCorr   .            (no gloves)
SInv    .            (no boots)
Will    .....        (no amulet)
Stlth   ++++         (no ring)
HPRegen 0.26/turn    (no ring)
MPRegen 0.09/turn

%: no passive effects
@: no status effects
A: fangs 1, strong nose, distributed training
a: no special abilities


You were on level 5 of the Dungeon.
You visited 1 branch of the dungeon, and saw 1 of its levels.

Inventory:

Hand Weapons
 a - a +0 short sword (weapon)
Armour
 b - a +0 leather armour (worn)
Wands
 g - a wand of digging (3)
Scrolls
 c - a scroll of fog
 e - a scroll of fear
Potions
 d - 2 potions of flight {unknown}
 f - a potion of haste
 h - a potion of brilliance {unknown}


   Skills:
 + Level 6.6 Fighting
 + Level 4.6 Short Blades
 + Level 1.1 Long Blades
 + Level 1.1 Axes
 + Level 1.1 Maces & Flails
 + Level 1.1 Polearms
 + Level 1.1 Staves
 + Level 1.1 Ranged Weapons
 + Level 1.1 Throwing
 + Level 1.1 Armour
 + Level 4.6 Dodging
 + Level 9.6 Stealth
 + Level 1.1 Shields
 + Level 1.1 Unarmed Combat
 + Level 1.1 Spellcasting
 + Level 0.8 Conjurations
 + Level 0.8 Hexes
 + Level 0.8 Summonings
 + Level 0.8 Necromancy
 + Level 0.8 Translocations
 + Level 0.8 Transmutations
 + Level 0.8 Fire Magic
 + Level 0.8 Ice Magic
 + Level 0.8 Air Magic
 + Level 0.8 Earth Magic
 + Level 0.8 Poison Magic
 + Level 1.2 Invocations
 + Level 1.1 Evocations


You had 5 spell levels left.
You didn't know any spells.
Your spell library contained the following spells:

 Spells                   Type           Power      Damage    Failure   Level
 Ignite Poison            Fire/Tmut/Pois 2%         N/A       71%         3
 Sticky Flame             Conj/Fire      2%         2d3       98%         4
 Ignition                 Fire           1%         3d3       100%        8


Dungeon Overview and Level Annotations

Branches:
Dungeon (5/15)
 Temple: D:4-7

Altars:

Annotations:
D:5 Pikel


Innate Abilities, Weirdness & Mutations

You have very sharp teeth.
Your uncanny sense of smell can sniff out nearby items.
Your experience applies equally to all skills.


Message History

You hit the lemure. Your bite misses the lemure.
The lemure is moderately wounded.
The lemure closely misses you.
You hit the lemure.
The lemure is heavily wounded.
The lemure closely misses you.
You hit the lemure.
The lemure is heavily wounded.
The lemure hits you.
You hit the lemure.
The lemure is severely wounded.
You hit the lemure but do no damage. You bite the lemure, but do no damage.
The lemure is severely wounded.
The lemure hits you.
You hit the lemure. Your bite misses the lemure.
The lemure is severely wounded.
The lemure hits you but does no damage.
You hit the lemure but do no damage.
The lemure is severely wounded.
The lemure hits you.
You closely miss the lemure. You bite the lemure, but do no damage.
The lemure is severely wounded.
The lemure hits you.
You hit the lemure but do no damage. Your bite misses the lemure.
The lemure is severely wounded.
You hit the lemure.
The lemure is almost dead.
The lemure hits you.
* * * LOW HITPOINT WARNING * * *
You hit the lemure.
The lemure is almost dead.
The lemure barely misses you.
You hit the lemure but do no damage.
The lemure is almost dead.
The lemure hits you!
* * * LOW HITPOINT WARNING * * *
You hit the lemure but do no damage.
The lemure is almost dead.
The lemure hits you.
You die...

####..##### *,*
####..# *,# ..[...#
*.# #####'## *.#
##)>.## ###.#
##$...)## #####...##*
*#.......###.........*
#.........##.#...##*,*
+.........'....5@.#*,*
#.........##.#...##*,*
##.......###.##...#*,*
##.....## #.####.#*,*
*##...##* #..,,,...,*
*.....,∆* ###***.###*
*.##.#*,* *.#
*,*#.**,* *.#
**,**,**,********,*


You could see a lemure.

Vanquished Creatures
  2 jellies (D:5)
  A white imp (D:5)
  3 jackals (D:5)
6 creatures vanquished.

Notes
Turn   | Place    | Note
-------+----------+-------------------------------------------
     0 | D:5      | Reached skill level 9 in Stealth
     0 | D:5      | leafyfresh the Gnoll Delver began the quest for the Orb.
     0 | D:5      | Reached XP level 1. HP: 23/23 MP: 1/1
    65 | D:5      | Noticed a jelly
    67 | D:5      | Killed a jelly
    68 | D:5      | Reached XP level 2. HP: 29/29 MP: 1/3
    68 | D:5      | Reached XP level 3. HP: 35/35 MP: 1/4
   254 | D:5      | Reached skill level 1 in Long Blades
   254 | D:5      | Reached skill level 1 in Axes
   254 | D:5      | Reached skill level 1 in Maces & Flails
   254 | D:5      | Reached skill level 1 in Polearms
   254 | D:5      | Reached skill level 1 in Staves
   254 | D:5      | Reached skill level 1 in Ranged Weapons
   254 | D:5      | Reached skill level 1 in Throwing
   254 | D:5      | Reached skill level 1 in Armour
   254 | D:5      | Reached skill level 1 in Shields
   254 | D:5      | Reached skill level 1 in Unarmed Combat
   254 | D:5      | Reached skill level 1 in Spellcasting
   254 | D:5      | Reached skill level 1 in Invocations
   254 | D:5      | Reached skill level 1 in Evocations
   254 | D:5      | Reached XP level 4. HP: 41/41 MP: 5/5
   262 | D:5      | Noticed a lemure
   307 | D:5      | Noticed Pikel
   307 | D:5      | Noticed a lemure
   308 | D:5      | Noticed a lemure
   313 | D:5      | Noticed a lemure
   384 | D:5      | Slain by a lemure

Illustrated notes

Levels and vault maps discovered:
D:5:      minmay_evil_eye, layout_loops_corners, nicolae_eternal_life,
          minmay_small_thing, uniq_pikel

Skill      XL: |  1  2  3 |
---------------+----------+-----
Stealth        | |  9.6
Long Blades    | 1 |  1.1
Axes           | 1 |  1.1
Maces & Flails | 1 |  1.1
Polearms       | 1 |  1.1
Staves         | 1 |  1.1
Ranged Weapons | 1 |  1.1
Throwing       | 1 |  1.1
Armour         | 1 |  1.1
Shields        | 1 |  1.1
Unarmed Combat | 1 |  1.1
Spellcasting   | 1 |  1.1
Invocations    | 1 |  1.2
Evocations     | 1 |  1.1
Fighting       | |  6.6
Short Blades   | |  4.6
Dodging        | |  4.6
Conjurations   | |  0.8
Hexes          | |  0.8
Summonings     | |  0.8
Necromancy     | |  0.8
Translocations | |  0.8
Transmutations | |  0.8
Fire Magic     | |  0.8
Ice Magic      | |  0.8
Air Magic      | |  0.8
Earth Magic    | |  0.8
Poison Magic   | |  0.8

Action                     |  1- 3 |  4- 6 || total
---------------------------+-------+-------++-------
  Melee: Short sword       |     2 |    34 ||    36
         Bite              |       |     3 ||     3
    Use: Scroll            |     1 |       ||     1
   Stab: Distracted        |     1 |       ||     1
         Sleeping          |     1 |     1 ||     2
 Armour: Leather armour    |       |     6 ||     6
  Dodge: Dodged            |       |    23 ||    23
